 Dungeon Crawl Stone Soup version 0.18.1-48-g4cf74bf (webtiles) character file.

100 Inkary the Ruffian (level 4, -4/41 HPs)
             Began as a Minotaur Monk on July 20, 2016.
             Slain by a gnoll
             ... wielding a +0 halberd
              (20 damage)
             ... on level 4 of the Dungeon.
             The game lasted 00:04:37 (2401 turns).

Inkary the Ruffian (Minotaur Monk)                  Turns: 2401, Time: 00:04:37

Health: -4/41      AC:  3    Str: 15    XL:     4   Next: 47%
Magic:  3/3        EV: 14    Int:  7    God:
Gold:   172        SH:  0    Dex: 14    Spells: 0 memorised, 3 levels left

rFire  . . .     SeeInvis .       - Unarmed
rCold  . . .     Gourm    .     a - +0 robe
rNeg   . . .     Faith    .     (no shield)
rPois  .         Spirit   .     (helmet restricted)
rElec  .         Dismiss  .     k - +0 cloak
rCorr  .         Reflect  .     (no gloves)
SustAt .         Harm     +     (no boots)
MR     .....                    h - amulet of harm
Stlth  ++........               (no ring)
                                (no ring)

@: not resistant to hostile enchantments, unstealthy
A: retaliatory headbutt, horns 2
a: no special abilities


You were on level 4 of the Dungeon.
You were not hungry.

You visited 1 branch of the dungeon, and saw 4 of its levels.

You collected 172 gold pieces.

Inventory:

Armour
 a - a +0 robe (worn)
 k - a +0 cloak (worn)
Jewellery
 h - an amulet of harm (around neck)
 j - an uncursed amulet of magic regeneration {unknown}
Scrolls
 c - a scroll of teleportation {unknown}
 e - a scroll of blinking {unknown}
 i - 2 scrolls of noise {unknown}
 l - 4 scrolls of identify {unknown}
 n - a scroll of magic mapping {unknown}
 p - a scroll of random uselessness {unknown}
 q - 3 scrolls of fear {unknown}
 s - a scroll of enchant weapon {unknown}
Potions
 d - 2 potions of heal wounds {unknown}
 m - 3 potions of curing {unknown}
 o - 2 potions of agility {unknown}
 u - a potion of lignification {unknown}
Books
 t - Vehumet's Handbook of Arcane Weapons
   (You found it on level 3 of the Dungeon)

   Spells                             Type                      Level
   a - Magic Dart                     Conjuration                  1
Comestibles
 b - 3 bread rations
 f - a meat ration
 g - a beef jerky
 r - 10 chunks of flesh


   Skills:
 + Level 4.7 Fighting
 + Level 4.1 Dodging
 - Level 1.9 Stealth
 + Level 5.1 Unarmed Combat


You had 3 spell levels left.
You didn't know any spells.

Dungeon Overview and Level Annotations

Branches:
Dungeon (4/15)
 Temple: D:4-7

Altars:
Ashenzari
Kikubaaqudgha
Sif Muna
Vehumet


Innate Abilities, Weirdness & Mutations

You reflexively headbutt those who attack you in melee.
You have a pair of horns on your head.


Message History

The hobgoblin barely misses you. The gnoll closely misses you.
You closely miss the hobgoblin. You barely miss the hobgoblin.
The hobgoblin hits you but does no damage.
The gnoll hits you from afar with a halberd!
You punch the hobgoblin!
You kill the hobgoblin!
The gnoll closely misses you. The gnoll misses you.
Things that are here:
a club; a hobgoblin corpse You hit the gnoll.
The gnoll is moderately wounded.
You hit the gnoll but do no damage.
The gnoll is moderately wounded.
The gnoll hits you with a halberd.
You punch the gnoll! Your punch misses the gnoll.
The gnoll is almost dead.
The gnoll hits you with a halberd!
You die...

.>.....######## ######
.......#...'..#+##....+
#......#.).#..........#
.......#'###.######+#.#####
........P#...').# #..#..# .....
.........#...#).# #..'..#.....
........####.#########.#####...
#.......#..#..#).#...#..#..#..#
........#..'..#g@'...'..'.(#..#
####<..##+##..####...#.##'##..#
#...# #.....#####.#..)...#
#...# #+##........#..)...#
.....# ##'#..########..#
####... #..# +# #...)..###
....# #.)# +...#..... #...# #
#..# ########.....
#...####..#'#####............


You could see a gnoll.

Vanquished Creatures
  4 adders
  An ooze (D:1)
  A worm (D:4)
  2 dart slugs (D:1)
  A giant gecko (D:3)
  3 orcs (D:4)
  A ball python (D:1)
  3 bats
  A giant cockroach (D:3)
  7 goblins
  8 hobgoblins
  5 kobolds
  A quokka (D:3)
  4 giant newts
  7 rats
49 creatures vanquished.

Notes
Turn   | Place    | Note
--------------------------------------------------------------
     0 | D:1      | Inkary the Minotaur Monk began the quest for the Orb.
     0 | D:1      | Reached XP level 1. HP: 19/19 MP: 0/0
   236 | D:1      | Reached XP level 2. HP: 23/27 MP: 1/1
   393 | D:1      | You fall through a shaft!
   581 | D:2      | Reached XP level 3. HP: 22/33 MP: 2/2
   908 | D:2      | Found a shattered altar of Ashenzari.
  1887 | D:3      | Reached XP level 4. HP: 40/41 MP: 3/3
  1945 | D:3      | Found an ancient bone altar of Kikubaaqudgha.
  1962 | D:3      | Found a deep blue altar of Sif Muna.
  1964 | D:3      | Found a radiant altar of Vehumet.
  1969 | D:3      | Identified Vehumet's Handbook of Arcane Weapons
  2085 | D:3      | Reached skill level 5 in Unarmed Combat
  2401 | D:4      | Slain by a gnoll

Skill      XL: |  1  2  3  4 |
---------------+-------------+-----
Fighting       | 4 |  4.7
Dodging        | 4 |  4.1
Unarmed Combat | 5 |  5.1
Stealth        | |  1.9

Action                   |  1- 3 |  4- 6 || total
-------------------------+-------+-------++-------
Melee: Unarmed           |    80 |    52 ||   132
       Headbutt          |     7 |     5 ||    12
       Punch             |       |     1 ||     1
 Stab: Sleeping          |     4 |     4 ||     8
  Eat: Chunk             |     3 |     2 ||     5
Armor: Robe              |    16 |     6 ||    22
Dodge: Dodged            |    38 |    23 ||    61
